 Dungeon Crawl Stone Soup version 0.24-a0-355-gbe4061de67 (webtiles) character file.

Game seed: 18252195138025013300

3163 nikopol the Thaumaturge (level 9, 0/47 HPs)
             Began as a Deep Elf Fire Elementalist on May 24, 2019.
             Was an Initiate of Vehumet.
             Slain by a hornet (11 damage)
             ... on level 8 of the Dungeon.
             The game lasted 00:27:56 (10034 turns).

nikopol the Thaumaturge (DEFE)                     Turns: 10034, Time: 00:27:56

Health: 0/47       AC:  8    Str:  5    XL:     9   Next: 63%
Magic:  31/34      EV: 13    Int: 27    God:    Vehumet [......]
Gold:   598        SH:  0    Dex: 13    Spells: 9/28 levels left

rFire    . . .     SeeInvis +   F - +4 flail "Hiyhis" {drain, Int+3}
rCold    + . .     Gourm    .   (no shield)
rNeg     . . .     Faith    .   a - +1 robe
rPois    .         Spirit   .   u - +2 hat
rElec    +         Reflect  .   x - +1 cloak of the Untouchables {rElec rC+ Dex-2}
rCorr    .         Harm     .   (no gloves)
MR       .....                  w - +0 pair of boots
Stlth    ++........             (no amulet)
HPRegen  0.15/turn              b - ring of see invisible
MPRegen  0.24/turn              y - ring of magical power

@: lethally poisoned (0 -> -6), slowed, very slow
A: no striking features
a: Renounce Religion


You were on level 8 of the Dungeon.
You worshipped Vehumet.
Vehumet was noncommittal.
You were not hungry.

You visited 2 branches of the dungeon, and saw 9 of its levels.
You also visited: Sewer.

You collected 598 gold pieces.

Inventory:

Hand Weapons
 i - a +2 dagger of venom
 F - the +4 flail "Hiyhis" (weapon) {drain, Int+3}
   (You found it on level 8 of the Dungeon)

   A truly terrible weapon, it drains the life of those it strikes.
   It affects your intelligence (+3).
Armour
 a - a +1 robe (worn)
 u - a +2 hat (worn)
 w - a +0 pair of boots (worn)
 x - the +1 cloak of the Untouchables (worn) {rElec rC+ Dex-2}
   (You found it on level 5 of the Dungeon)

   It affects your dexterity (-2).
   It protects you from cold.
   It insulates you from electricity.
 D - a +1 helmet
Jewellery
 b - a ring of see invisible (left hand)
 v - an uncursed ring of magical power
 y - a ring of magical power (right hand)
 G - a +2 ring of dexterity {unknown}
Wands
 z - a wand of paralysis (12)
 C - a wand of flame (22)
 E - a wand of digging (3)
Scrolls
 e - 2 scrolls of remove curse
 f - 2 scrolls of fog
 j - 3 scrolls of amnesia
 k - 2 scrolls of enchant armour
 l - 4 scrolls of teleportation {unknown}
 n - a scroll of blinking
 o - 2 scrolls of identify
 B - 2 scrolls of enchant weapon
Potions
 d - 2 potions of lignification {unknown}
 g - 4 potions of agility
 h - 6 potions of heal wounds
 m - a potion of resistance {unknown}
 p - 3 potions of curing
 q - 3 potions of degeneration
 r - a potion of berserk rage {unknown}
 s - 2 potions of brilliance {unknown}
 t - a potion of cancellation {unknown}
 A - a potion of flight
Comestibles
 c - 8 rations


   Skills:
 + Level 1.0 Fighting
 - Level 0.9 Short Blades
 + Level 3.4 Dodging
 + Level 3.6 Stealth
 + Level 10.4 Spellcasting
 + Level 7.9 Conjurations
 + Level 1.4 Translocations
 + Level 8.9 Fire Magic


You had 9 spell levels left.
You knew the following spells:

 Your Spells              Type           Power        Failure   Level  Hunger
a - Flame Tongue          Conj/Fire      #####        1%          1    None
b - Throw Flame           Conj/Fire      ######       1%          2    None
c - Conjure Flame         Conj/Fire      ######..     1%          3    None
d - Sticky Flame          Conj/Fire      ######..     1%          4    None
e - Fireball              Conj/Fire      ######....   3%          5    ###....
f - Force Lance           Conj/Tloc      #####...     6%          4    None

Your spell library contained the following spells:

 Spells                   Type           Power        Failure   Level  Hunger
 Magic Dart               Conj           ####         1%          1    None
 Searing Ray              Conj           ######       1%          2    None
 Inner Flame              Hex/Fire       #####...     1%          3    None
 Iskenderun's Mystic Bla  Conj           ######..     1%          4    None
 Dazzling Spray           Conj/Hex       #####.       2%          3    None
 Animate Skeleton         Necr           N/A          4%          1    None
 Pain                     Necr           ##..         4%          1    None
 Fulminant Prism          Conj/Hex       #####.....   9%          4    None
 Regeneration             Chrm/Necr      ##........   12%         3    None
 Vampiric Draining        Necr           ##........   12%         3    None
 Animate Dead             Necr           N/A          38%         4    None


Dungeon Overview and Level Annotations

Branches:
Dungeon (8/15)             Temple (1/1) D:7
   Lair: D:8-11

Altars:
Ashenzari
Cheibriados
Elyvilon
Fedhas
Kikubaaqudgha
Makhleb
Nemelex Xobeh
Okawaru
Ru
Sif Muna
Trog
Vehumet
Yredelemnul

Shops:
D:4 *


Message History

Aiming: Sticky Flame (safe; 1% risk of failure)
Press: ? - help, Shift-Dir - straight line, f - hornet
Aim: a hornet The sticky flame hits the hornet!
The hornet is moderately wounded.
The hornet is covered in liquid flames!
The hornet burns! x2
The hornet closely misses you. The hornet stings you!
You feel as though you will be slow longer.
A hornet comes into view.
The hornet buzzes angrily.
The hornet stings you!
You feel as though you will be slow longer.
The hornet stings you but does no damage. x2
The hornet stings you.
* * * LOW HITPOINT WARNING * * *
You are poisoned.
You feel as though you will be slow longer.
You feel sick.
The hornet burns! x2; The hornet closely misses you.
The hornet stings you!
You die...

####.###.#
.....# #.#
####.# #.#
#.# #.# # #.#
#.######## #
#.#
#........###
# #.#
#.######...##
# #.# #.#
#..#..#
####.# #.#
###@###
)....# #.#
#y##
####.###.#
#.#y# #...#.#
#.#.##
###.#.# ##a#
##.#.#####.#
#........##
#......###
#...##.#


You could see 2 hornets.

Vanquished Creatures
  A hornet (D:7)
  A water moccasin (D:6)
  Duvessa (D:7)
  2 sky beasts
  3 orc warriors
  2 black bears
  A necrophage (D:8)
  An ogre (D:6)
  A centaur (D:7)
  A big kobold (D:7)
  4 bullfrogs
  Dowan (D:7)
  A wyvern skeleton (D:7)
  A water moccasin skeleton (D:8)
  5 wights (D:7)
  2 crimson imps
  A centaur zombie (D:5)
  3 jellies
  3 hounds
  5 orc priests
  A bullfrog zombie (D:6)
  9 orc wizards
  2 bullfrog skeletons
  2 iguanas
  A worker ant (D:4)
  A hound zombie (D:7)
  5 gnolls
  9 adders
  A shadow imp (D:6)
  5 oozes
  8 worms
  A dart slug (D:2)
  5 leopard geckos
  32 orcs
  13 bats
  4 giant cockroaches
  11 goblins
  6 hobgoblins
  17 jackals
  12 kobolds
  6 quokkas
  5 ball pythons
  6 frilled lizards
  A jackal zombie (D:6)
  A leopard gecko skeleton (D:5)
  A quokka zombie (D:8)
  7 rats
212 creatures vanquished.

Notes
Turn   | Place    | Note
-------+----------+-------------------------------------------
     0 | D:1      | nikopol the Deep Elf Fire Elementalist began the quest for
                  | the Orb.
     0 | D:1      | Reached XP level 1. HP: 10/10 MP: 6/6
   188 | D:1      | Reached XP level 2. HP: 15/15 MP: 4/8
  1156 | D:2      | Reached XP level 3. HP: 19/19 MP: 7/10
  1361 | D:2      | Reached skill level 4 in Spellcasting
  1533 | D:2      | Reached XP level 4. HP: 22/24 MP: 1/12
  1668 | D:2      | Learned a level 2 spell: Throw Flame
  1672 | D:2      | Learned a level 3 spell: Conjure Flame
  1677 | D:2      | Learned a level 4 spell: Sticky Flame
  2508 | D:3      | Reached XP level 5. HP: 28/28 MP: 7/13
  2656 | D:3      | Found a faded altar of an unknown god.
  3464 | D:4      | Reached skill level 5 in Fire Magic
  3678 | D:4      | Reached XP level 6. HP: 32/32 MP: 8/15
  3865 | D:4      | Reached skill level 5 in Spellcasting
  4041 | D:4      | Found a snail-covered altar of Cheibriados.
  4682 | D:4      | Found Ligriole's Lightly-Used Armoury.
  4824 | D:5      | Entered Level 5 of the Dungeon
  4897 | D:5      | Reached XP level 7. HP: 33/37 MP: 6/17
  5113 | D:5      | Found a glowing drain.
  5122 | Sewer    | Entered a sewer
  5126 | Sewer    | Reached skill level 6 in Spellcasting
  6138 | D:5      | Got a twisted cloak
  6149 | D:5      | Identified the +1 cloak of the Untouchables {rElec rC+
                  | Dex-2} (You found it on level 5 of the Dungeon)
  6421 | D:6      | Reached skill level 5 in Conjurations
  6518 | D:6      | Learned a level 5 spell: Fireball
  6523 | D:6      | Learned a level 4 spell: Force Lance
  6567 | D:6      | Reached skill level 7 in Spellcasting
  6567 | D:6      | Reached XP level 8. HP: 42/42 MP: 7/20
  6758 | D:6      | Reached skill level 1 in Fighting
  7682 | D:7      | Reached skill level 8 in Spellcasting
  7839 | D:7      | Reached skill level 1 in Translocations
  8165 | D:7      | Reached XP level 9. HP: 47/47 MP: 15/23
  8234 | D:7      | Found a staircase to the Ecumenical Temple.
  8243 | Temple   | Entered the Ecumenical Temple
  8277 | Temple   | Became a worshipper of Vehumet
  8364 | D:7      | Reached skill level 9 in Spellcasting
  8591 | D:7      | Noticed Duvessa
  8593 | D:7      | Noticed Dowan
  8603 | D:7      | Killed Dowan
  8656 | D:7      | Killed Duvessa
  9179 | D:8      | Noticed Harold
  9466 | D:8      | Reached skill level 10 in Spellcasting
  9914 | D:8      | Got a faintly glowing flail
  9915 | D:8      | Identified the +4 flail "Hiyhis" {drain, Int+3} (You found
                  | it on level 8 of the Dungeon)
 10034 | D:8      | Slain by a hornet

Levels and vault maps discovered:
D:1:      dpeg_arrival_pond, layout_basic
D:2:      layout_loops_corners, first_ration
D:3:      layout_loops_ring, chequers_ecumenical_altar_simple,
          kennysheep_generic_room_2
D:4:      layout_loops_cross, overflow_temple_1_default, minmay_shop_damaged
D:5:      layout_basic, portal_sewer_entry_d
D:6:      layout_basic
D:7:      layout_loops_ring, minmay_temple_entry_poolview, uniq_duvessa
D:8:      layout_loops_ring, hangedman_pestilent_swarm, uniq_harold
Temple:   kilobyte_greek_temple

Skill      XL: |  1  2  3  4  5  6  7  8  9 |
---------------+----------------------------+-----
Fire Magic     | 4 5 6 8 |  8.9
Spellcasting   | 4 5 7 8 10 | 10.4
Conjurations   | 2 3 4 5 6 7 |  7.9
Stealth        | 3 |  3.6
Dodging        | 3 |  3.4
Fighting       | 1 |  1.0
Translocations | 1 |  1.4
Short Blades   | |  0.9

Action                   |  1- 3 |  4- 6 |  7- 9 || total
-------------------------+-------+-------+-------++-------
Melee: Dagger            |       |       |    11 ||    11
 Cast: Flame Tongue      |    54 |   163 |   213 ||   430
       Throw Flame       |       |     8 |     8 ||    16
       Sticky Flame      |       |     2 |    23 ||    25
       Conjure Flame     |       |     1 |     6 ||     7
       Force Lance       |       |       |     6 ||     6
       Fireball          |       |       |    11 ||    11
  Use: Scroll            |       |     8 |     8 ||    16
       Potion            |       |       |     2 ||     2
  Eat: Chunk             |     2 |    10 |    16 ||    28
       Ration            |       |       |     1 ||     1
Armor: Robe              |     1 |     4 |    25 ||    30
Dodge: Dodged            |     5 |    23 |    35 ||    63

Table legend:
 A = Non-vault XP
 B = Vault XP
 C = Vault XP percentage of total XP
 D = Non-vault monster count
 E = Vault monster count
 F = Vault count percentage of total count
                 A         B        C        D         E       F
            +---------+---------+-------+---------+---------+-------
      Total |    4199 |     320 |   7.1 |     181 |      31 |  14.6
            +---------+---------+-------+---------+---------+-------
        D:1 |      52 |       0 |   0.0 |      21 |       0 |   0.0
        D:2 |     117 |       0 |   0.0 |      20 |       0 |   0.0
        D:3 |      52 |       6 |  10.3 |      23 |       3 |  11.5
        D:4 |     417 |       0 |   0.0 |      29 |       0 |   0.0
        D:5 |     229 |      13 |   5.4 |      16 |       1 |   5.9
        D:6 |     836 |       0 |   0.0 |      17 |       0 |   0.0
        D:7 |    1650 |     214 |  11.5 |      39 |       2 |   4.9
        D:8 |     846 |       0 |   0.0 |      16 |       0 |   0.0
      Sewer |       0 |      87 | 100.0 |       0 |      25 | 100.0
            +---------+---------+-------+---------+---------+-------
